 Dungeon Crawl Stone Soup version 0.30.1 (webtiles) character file.

Game seed: 13031488178160471900

3106 Eryximachus the Trooper (level 9, -2/46 (49) HPs)
             Began as a Vine Stalker Hedge Wizard on July 12, 2023.
             Was an Initiate of Gozag.
             Slain by an ice beast (6 damage)
             ... on level 6 of the Dungeon on July 13, 2023.
             The game lasted 00:49:19 (10725 turns).

Eryximachus the Trooper (VSHW)                     Turns: 10725, Time: 00:49:20

HP:   -2/46 (49)    AC:  4    Str: 14    XL:     9   Next: 90%
MP:   0/17          EV: 12    Int: 18    God:    Gozag
Gold: 178           SH:  0    Dex: 13    Spells: 9/17 levels left

rFire   + . .        y - +0 hand axe (venom)
rCold   + . .        (no shield)
rNeg    . . .        b - +0 robe
rPois   +            G - +1 hat
rElec   +            (no cloak)
rCorr   +            o - +0 pair of gloves
SInv    .            (no boots)
Will    +....        (no amulet)
Stlth   +++          (no ring)
HPRegen 1.07/turn    (no ring)
MPRegen 0.15/turn

%: guardian spirit
@: resistant, hasted, drained, very quick
A: fangs 3, regeneration 1, magic shield, antimagic bite, no potion heal 2
a: Renounce Religion, Potion Petition, Call Merchant, Bribe Branch


You were on level 6 of the Dungeon.
You worshipped Gozag.
Gozag was aware of your devotion.
You visited 2 branches of the dungeon, and saw 8 of its levels.

You collected 682 gold pieces.
You spent 33 gold pieces at shops.
You paid 471 gold pieces to Gozag.

Inventory:

Hand Weapons
 f - a +2 dagger of electrocution
 y - a +0 hand axe of venom (weapon)
Armour
 b - a +0 robe (worn)
 c - a +0 hat
 j - the +7 chain mail of Riowoir {Str+4 Int+4 Dex-2}
   (You found it on level 2 of the Dungeon)

   Str:       It affects your strength (+4).
   Int:       It affects your intelligence (+4).
   Dex:       It affects your dexterity (-2).
 o - a +0 pair of gloves (worn)
 B - a +0 hat
 G - a +1 hat (worn)
Jewellery
 s - a +6 ring of dexterity
Wands
 h - a wand of flame (36)
 E - a wand of digging (17)
Scrolls
 a - 2 scrolls of fog
 e - a scroll of acquirement {unknown}
 g - 3 scrolls of amnesia
 k - 3 scrolls of enchant weapon
 m - 3 scrolls of poison {unknown}
 n - a scroll of blinking {unknown}
 p - a scroll of teleportation
 q - a scroll of noise {unknown}
 D - a scroll of magic mapping {unknown}
 F - a scroll of fear {unknown}
Potions
 d - 4 potions of magic
 i - 3 potions of lignification
 l - a potion of might
 r - 2 potions of invisibility {unknown}
 t - 2 potions of mutation {unknown}
 u - a potion of attraction {unknown}
 v - 3 potions of curing
 w - 3 potions of haste
 x - a potion of berserk rage {unknown}
 z - a potion of flight {unknown}
 A - a potion of resistance
 C - a potion of heal wounds {unknown}


   Skills:
 + Level 6.4 Fighting
 - Level 2.0 Dodging
 - Level 6.0 Stealth
 + Level 4.7 Spellcasting
 - Level 5.0 Conjurations
 - Level 4.0 Summonings
 - Level 3.0 Translocations
 - Level 4.0 Air Magic
 - Level 4.0 Poison Magic
 - Level 3.0 Evocations


You had 9 spell levels left.
You knew the following spells:

 Your Spells              Type           Power      Damage    Failure   Level
a - Magic Dart            Conj           88%        1d7       1%          1
b - Call Imp              Summ           36%        N/A       4%          2
c - Blink                 Tloc           30%        N/A       6%          2
d - Mephitic Cloud        Conj/Pois/Air  19%        N/A       7%          3

Your spell library contained the following spells:

 Spells                   Type           Power      Damage    Failure   Level
 Cigotuvi's Dreadful Rot  Necr/Pois/Air  26%        N/A       7%          2
 Slow                     Hex            16%        N/A       14%         1
 Portal Projectile        Hex/Tloc       18%        N/A       22%         3
 Ignite Poison            Fire/Tmut/Pois 9%         N/A       24%         3
 Ozocubu's Armour         Ice            4%         N/A       38%         3
 Tukima's Dance           Hex            4%         N/A       38%         3
 Freezing Cloud           Conj/Ice/Air   7%         6-21      73%         5
 Blade Hands              Tmut           2%         N/A       98%         5
 Ozocubu's Refrigeration  Ice            2%         4d7       100%        7


Dungeon Overview and Level Annotations

Branches:
Dungeon (7/15)             Temple (1/1) D:4

Altars:
Ashenzari
Cheibriados
Dithmenos
Elyvilon
Fedhas
Gozag
Hepliaklqana
Kikubaaqudgha
Makhleb
Okawaru
Qazlal
Ru
Sif Muna
Trog
Uskayaw
Wu Jian
Xom
Yredelemnul
Zin
The Shining One

Shops:
D:2 ?   D:3 (   D:5 *[[*

Annotations:
D:4 3 runed translucent doors, Sabo's ghost, amateur DsGl
D:7 exclusion: ugly thing


Innate Abilities, Weirdness & Mutations

You have razor-sharp teeth.
Your natural rate of healing is unusually fast.
When hurt, damage is shared between your health and your magic reserves.
Your bite disrupts and absorbs the magic of your enemies.
Potions cannot restore your health.


Message History

The ice beast attacks as you move away! The ice beast hits you.
The ice beast freezes you!
* * * LOW HITPOINT WARNING * * *
Okay, then.
There is a stone staircase leading up here.
The ice beast barely misses you.
You climb upwards.
There is a stone staircase leading down here.
The ice beast attacks as you move away! The ice beast hits you.
* * * LOW HITPOINT WARNING * * *
The ice beast freezes you!
* * * LOW HITPOINT WARNING * * *
The ice beast attacks as you move away!
The ice beast hits you but does no damage.
The ice beast attacks as you move away! The ice beast closely misses you.
Casting: Call Imp (safe; 4% risk of failure)
Confirm with . or Enter, or press ? or * to list all spells.
You don't have enough magic to cast this spell.
The ice beast attacks as you move away! The ice beast hits you.
* * * LOW HITPOINT WARNING * * *
The ice beast freezes you!
* * * LOW HITPOINT WARNING * * *
Okay, then. [a] - 300 gold - brilliance and magic [b] - 756 gold - lignification, might, resistance and haste [c] - 440 gold - haste and resistance Purchase which effect?
You don't have enough gold for that! [a] - 300 gold - brilliance and magic [b] - 756 gold - lignification, might, resistance and haste [c] - 440 gold - haste and resistance Purchase which effect?
You no longer have enough gold to petition Gozag for potion effects.
You feel yourself speed up.
You feel protected. The ice beast hits you.
* * * LOW HITPOINT WARNING * * *
The ice beast freezes you. You resist.
You die...
Your body crumbles into a pile of gold.

.....##.#####.### #.#
......#.###...# #.#
......#......#######.#
............#........#
........####..###############
)[)..........####.....#.....##
#........#######.............##
...#.#...######...............#
#.##.#....>....Y@.............#
..##.#..######................#
.#...#........................#
...####.#######...............#
#.....#.#### #...............#
#...#......# ##.............##
....#......# ##....>#.....##
#...#......# #############
#####......#


You could see an ice beast.

Vanquished Creatures
  A hornet (D:7)
  Sigmund (D:3)
  A steam dragon (D:6)
  2 sky beasts (D:6)
  2 ice beasts (D:7)
  A black bear (D:6)
  An ogre (D:4)
  2 centaurs
  A phantom (D:5)
  A bullfrog (D:6)
  A kobold brigand (D:7)
  2 scorpions
  2 wights (D:7)
  A howler monkey (D:7)
  5 hounds
  2 jellies (D:5)
  3 orc priests
  2 iguanas
  4 sleepcaps
  Natasha (thrice) (D:2)
  3 orc wizards
  2 gnolls (D:7)
  2 adders
  A shadow imp (D:7)
  A white imp (D:6)
  2 worms (D:2)
  7 dart slugs
  19 orcs
  8 endoplasms
  3 giant cockroaches (D:1)
  4 goblins
  4 hobgoblins
  2 jackals (D:3)
  6 quokkas
  3 ball pythons
  5 bats
  5 frilled lizards
  12 kobolds
  5 rats
132 creatures vanquished.

Vanquished Creatures (collateral kills)
  A steam dragon (D:7)
  A water moccasin (D:5)
  An orc warrior (D:7)
  2 ice beasts (D:7)
  A scorpion (D:5)
  A wight (D:7)
  An iguana (D:4)
  An orc wizard (D:3)
  3 adders
  A worm (D:2)
  3 orcs
  A jackal (D:3)
  A quokka (D:4)
18 creatures vanquished.

Vanquished Creatures (others)
  A human (D:7)
1 creature vanquished.

Grand Total: 151 creatures vanquished

Notes
Turn   | Place    | Note
-------+----------+-------------------------------------------
     0 | D:1      | Eryximachus the Vine Stalker Hedge Wizard began the quest
                  | for the Orb.
     0 | D:1      | Reached XP level 1. HP: 9/9 MP: 5/5
   318 | D:1      | Reached XP level 2. HP: 13/13 MP: 4/7
   349 | D:1      | Learned a level 2 spell: Call Imp
   592 | D:1      | Learned a level 2 spell: Blink
   916 | D:1      | Reached XP level 3. HP: 14/16 MP: 0/9
  1242 | D:2      | Identified the +7 chain mail of Riowoir {Str+4 Int+4 Dex-2}
  1461 | D:2      | Found an ancient bone altar of Kikubaaqudgha.
  1732 | D:2      | Gained mutation: Your natural rate of healing is unusually
                  | fast. [Vine Stalker growth]
  1732 | D:2      | Reached XP level 4. HP: 21/21 MP: 8/10
  1815 | D:2      | Found Bec Dypn's Magic Scroll Boutique.
  1823 | D:2      | Bought a scroll of teleportation for 33 gold pieces
  1843 | D:2      | Noticed Natasha
  1862 | D:2      | Killed Natasha
  1924 | D:2      | Noticed Natasha
  1928 | D:2      | Killed Natasha
  2276 | D:2      | Noticed Natasha
  2295 | D:2      | Killed Natasha
  2296 | D:2      | Reached XP level 5. HP: 25/25 MP: 10/12
  2495 | D:2      | Found Bec Dypn's Magic Scroll Boutique.
  2614 | D:2      | Found an ancient bone altar of Kikubaaqudgha.
  2900 | D:3      | Found Moumi's Weapon Boutique.
  3053 | D:3      | Reached skill level 1 in Fighting
  3131 | D:3      | Noticed Sigmund
  3317 | D:3      | Found a shadowy altar of Dithmenos.
  3659 | D:3      | Learned a level 3 spell: Mephitic Cloud
  3701 | D:4      | Noticed an ogre
  3731 | D:4      | Reached XP level 6. HP: 30/30 MP: 9/13
  4119 | D:4      | Found a runed translucent gate.
  4149 | D:4      | Found a staircase to the Ecumenical Temple.
  4161 | Temple   | Entered the Ecumenical Temple
  4199 | Temple   | Became a worshipper of Gozag Ym Sagoz the Greedy
  4390 | D:4      | Found a snail-covered altar of Cheibriados.
  4535 | D:4      | Reached skill level 1 in Air Magic
  4535 | D:4      | Reached skill level 1 in Poison Magic
  4948 | D:4      | Found a runed translucent gate.
  4949 | D:4      | Found a runed translucent gate.
  4950 | D:4      | Noticed Sabo's ghost (amateur DsGl)
  4952 | D:4      | Identified the +0 leather armour of Cahiosas {Harm rN+
                  | Str+4 Dex-4}
  5030 | D:4      | Reached XP level 7. HP: 28/33 MP: 12/14
  5181 | D:5      | Entered Level 5 of the Dungeon
  5642 | D:5      | Found Baffot's Armour Boutique.
  5648 | D:5      | Found Qoesuac's Assorted Antiques.
  5881 | D:5      | Found Jusaduxt's Antique Armour Emporium.
  5888 | D:5      | Found Yxaxy's General Store.
  6044 | D:5      | Gained mutation: You have razor-sharp teeth. [Vine Stalker
                  | growth]
  6044 | D:5      | Reached XP level 8. HP: 8/40 MP: 6/15
  6880 | D:3      | Found Moumi's Weapon Boutique.
  6911 | D:3      | Killed Sigmund
  6912 | D:3      | Found a shadowy altar of Dithmenos.
  7841 | D:6      | Found a hide-covered altar of Uskayaw.
  7912 | D:5      | Reached skill level 5 in Stealth
  8436 | D:6      | Reached skill level 5 in Conjurations
  8436 | D:6      | Reached XP level 9. HP: 44/44 MP: 14/16
  8649 | D:6      | Found an ornate altar of the Wu Jian Council.
  9144 | D:7      | Noticed a hornet
  9306 | D:7      | Reached skill level 5 in Fighting
  9322 | D:7      | Noticed a cyan ugly thing
  9458 | D:7      | Killed a hornet
  9489 | D:7      | HP: 1/48 [ice beast (12)]
  9509 | D:7      | Reached skill level 1 in Evocations
  9781 | D:7      | Found a broken altar of Ashenzari.
 10550 | D:7      | Found an ancient bone altar of Kikubaaqudgha.
 10725 | D:6      | Slain by an ice beast

Illustrated notes

Levels and vault maps discovered:
D:1:      saegor_arrival_simple_d, layout_rooms
D:2:      layout_basic, basic_altar, serial_shops, shop, uniq_natasha
D:3:      layout_loops_cross, grunt_dithmenos_smoke_and_mirrors, serial_shops,
          nicolae_shop_bloodbath_and_beyond, chequers_serial_rivers_small_3,
          uniq_sigmund
D:4:      layout_basic, mainiacjoe_overflow_cross_hatched,
          minmay_temple_entry_arrows, biasface_ghost_orc_armoury,
          minmay_misc_feat_rows
D:5:      layout_basic, serial_shops, nicolae_shop_tiny_real_fake_doors,
          nicolae_shop_peninsula, nicolae_shop_trees, shop
D:6:      layout_rooms, grunt_temple_overflow_open
D:7:      cheibrodos_two_vegetables, layout_basic, vehumet_crystals,
          mainiacjoe_overflow_tiny_flanked, tgw_kikubaaqudgha,
          hangedman_abyss_or_decor_slice, hellmonk_no_cap, uniq_pikel
Temple:   nicolae_temple_ecumenical_triangle

Skill      XL: |  1  2  3  4  5  6  7  8  9 |
---------------+----------------------------+-----
Stealth        | 3 6 |  6.0
Dodging        | 2 |  2.0
Summonings     | 2 3 4 |  4.0
Spellcasting   | 4 |  4.7
Conjurations   | 2 3 5 |  5.0
Fighting       | 1 3 6 |  6.4
Air Magic      | 2 3 4 |  4.0
Poison Magic   | 2 3 4 |  4.0
Translocations | 3 |  3.0
Evocations     | 3 |  3.0

Action                     |  1- 3 |  4- 6 |  7- 9 || total
---------------------------+-------+-------+-------++-------
  Melee: Dagger            |    50 |    95 |    50 ||   195
         Bite              |     9 |    19 |    81 ||   109
         Punch             |       |       |     4 ||     4
         Hand axe          |       |       |   183 ||   183
   Cast: Magic Dart        |    75 |    17 |    36 ||   128
         Call Imp          |     1 |    23 |    42 ||    66
         Mephitic Cloud    |       |       |    18 ||    18
         Blink             |       |       |     1 ||     1
 Invoke: Potion Petition   |       |       |     1 ||     1
    Use: Scroll            |     3 |       |     3 ||     6
   Stab: Sleeping          |       |     3 |       ||     3
         Distracted        |       |       |     2 ||     2
         Confused          |       |       |     5 ||     5
 Armour: Robe              |    18 |    31 |    76 ||   125
  Dodge: Dodged            |    39 |    78 |   150 ||   267
